 Dungeon Crawl Stone Soup version 0.30-a0-737-gf23d94013f (webtiles) character file.

Game seed: 12903162135974009928

2238 kae the Grappler (level 9, -1/82 HPs)
             Began as a Ghoul Monk on Feb 1, 2023.
             Slain by a wyvern (7 damage)
             ... on level 9 of the Dungeon.
             The game lasted 00:05:33 (5270 turns).

kae the Grappler (Ghoul Monk)                       Turns: 5270, Time: 00:05:34

Health: -1/82      AC:  3    Str: 19    XL:     9   Next: 36%
Magic:  8/8        EV: 17    Int:  5    God:
Gold:   186        SH:  0    Dex: 11    Spells: 8/8 levels left

rFire   . . .      SeeInvis .      - Unarmed
rCold   + . .      Faith    .    (no shield)
rNeg    + + +      Spirit   .    a - +1 robe
rPois   ∞          Reflect  .    (no helmet)
rElec   .          Harm     .    (no cloak)
rCorr   .          Rampage  .    (no gloves)
Will    .....                    (no boots)
Stlth   ++                       l - amulet of magic regeneration
HPRegen 0.00/turn                E - +5 ring of evasion
MPRegen 0.51/turn                (no ring)

@: inhibited regen
A: claws 1, cold resistance 1, negative energy resistance 3, inhibited
regeneration, torment resistance 2, devour on kill
a: no special abilities


You were on level 9 of the Dungeon.
You visited 1 branch of the dungeon, and saw 8 of its levels.
You also visited: Ossuary.

You collected 298 gold pieces.
You spent 112 gold pieces at shops.


Innate Abilities, Weirdness & Mutations

You are immune to poison.
You have sharp fingernails.
Your flesh is cold resistant. (rC+)
You are immune to negative energy. (rN+++)
You do not regenerate when monsters are visible.
You are immune to unholy pain and torment.
You thrive by killing the living.


   Skills:
 + Level 8.4 Fighting
 - Level 2.6 Dodging
 - Level 2.1 Stealth
 * Level 11.3 Unarmed Combat


You had 8 spell levels left.
You didn't know any spells.
Your spell library contained the following spells:

 Spells                   Type           Power      Damage    Failure   Level
 Blink                    Tloc           0%         N/A       63%         2
 Ensorcelled Hibernation  Hex/Ice        0%         N/A       63%         2
 Lesser Beckoning         Tloc           0%         N/A       63%         2
 Momentum Strike          Conj/Tloc      0%         3d8       63%         2
 Dazzling Flash           Conj/Hex       0%         N/A       85%         3
 Gell's Gravitas          Tloc           0%         N/A       85%         3
 Teleport Other           Tloc           0%         N/A       85%         3
 Anguish                  Hex/Necr       0%         N/A       99%         4
 Agony                    Necr           0%         N/A       100%        5
 Silence                  Hex/Air        0%         N/A       100%        5
 Dispersal                Tloc           0%         N/A       100%        6
 Spider Form              Tmut/Pois      Unusable   N/A       N/A         3

Inventory:

Missiles
 c - 3 atropa-tipped darts (quivered)
 g - 32 stones
 j - a throwing net {=f!f}
 w - 24 poisoned darts
Armour
 a - a +1 robe (worn)
Magical Staves
 m - a staff of air {!a}
   (You found it on level 1 of the Dungeon)
Jewellery
 l - an amulet of magic regeneration (around neck)
   (You found it on level 1 of the Dungeon)
 E - a +5 ring of evasion (left claw)
   (You found it on level 2 of the Dungeon)
 F - a ring of fire
   (You found it on level 4 of the Dungeon)
Wands
 r - a wand of flame (24)
   (You found it on level 5 of the Dungeon)
Scrolls
 f - 3 scrolls of teleportation {@r4}
 h - 2 scrolls of blinking {!r}
 i - 5 scrolls of noise {!r}
 t - a scroll of fear
 x - a scroll of butterflies
 C - a scroll of enchant weapon
Potions
 b - a potion of ambrosia
 d - 2 potions of resistance
 e - 5 potions of might
 k - 3 potions of brilliance
 n - 2 potions of attraction {unknown}
 o - 6 potions of heal wounds {@q2}
 p - 3 potions of curing {@q1}
 q - 2 potions of degeneration {!q}
 u - 4 potions of mutation {unknown}
 v - a potion of invisibility
 z - 2 potions of flight
 A - a potion of haste {unknown}
 B - a potion of lignification

Dungeon Overview and Level Annotations

Branches:
Dungeon (9/15) Zot: 26890 Ossuary (visited)
 Temple: D:4-7         Lair: D:8-11         Orc: D:9-12

Altars:
Gozag
Kikubaaqudgha
Nemelex Xobeh
Sif Muna
Uskayaw
Wu Jian

Shops:
D:5 *

Annotations:
D:3 2 runed translucent doors, derval's ghost, amateur BaSu
D:4 3 runed translucent doors, CaliBri's ghost, amateur MeFi

.......#. ##...
......... ..≈.
.#####.#... #.≈.
.........#. #.≈.
##.:......... #.§. ##..#
###.###. #... #..# #.#
#. ####.YO####..### #.#
#.
....._l@.......####.###.
..##...#.....#..........
#...#..#########.###.
...≈?...# ######.....
.....≈....# #..........
.....≈.........####.....
.....≈....### #.....
..........# #.....
........# #.....


You could see a two-headed ogre, a yak and a wyvern.


Message History

You scratch the orc wizard. The orc wizard completely misses you.
You closely miss the orc wizard. Your claw misses the orc wizard.
The orc wizard completely misses you.
You claw the orc wizard!
The orc wizard hits you with a +0 dagger.
You closely miss the orc wizard. 😕 HP[-3]
You take 3 damage, and now have 77/82 hp.
An orc wizard is nearby!
You barely miss the orc wizard.
The orc wizard mumbles some strange words.
The orc wizard flickers and vanishes!
Deactivating autopickup; reactivate with Ctrl-A.
No target in view!
There is a strange disturbance nearby!
No target in view!
No target in view!
There is a strange disturbance nearby!
No target in view!
No target in view!
There is a strange disturbance nearby!
No target in view!
No target in view!
There is a strange disturbance nearby!
You miss something. Something hits you. 😕 HP[-3]
You take 3 damage, and now have 74/82 hp.
You closely miss something. Something hits you but does no damage.
You scratch something. Something hits you but does no damage.
You miss something. You barely miss something. Something hits you. 😕 HP[-4]
You take 4 damage, and now have 70/82 hp.
You miss something. Something barely misses you.
You scratch something.
You feel better.
Reactivating autopickup.
You feel a bit more experienced. 😕 HP[+8]
You regained 8 hp, and now have 78/82 hp.
Items here: )) [ ††.
Key pressed, stopping explore.
Unknown command. 😕 HP[+2]
You regained 2 hp, and now have 80/82 hp.
Key pressed, stopping explore.
Unknown command. 😎 HP[+2]
Your hp is fully restored (82).
Things that are here:
a +0 short sword; a +0 ring mail; an orc corpse
Found a glowing golden altar of the Shining One.
A two-headed ogre comes into view.
It is wielding two +0 giant spiked clubs.
A two-headed ogre is nearby!
A wyvern comes into view.
The two-headed ogre shouts in stereo!
You hear a bellow!
The two-headed ogre closely misses you. The two-headed ogre barely misses you.
A yak comes into view.
You barely miss the two-headed ogre.
The wyvern hisses angrily.
There are monsters nearby!
You scratch the two-headed ogre. The wyvern misses you.
The two-headed ogre barely misses you. x2
You claw the two-headed ogre! The wyvern bites you. 😕 HP[-5]
You take 5 damage, and now have 77/82 hp.
You scratch the two-headed ogre.
The wyvern bites you but does no damage.
The two-headed ogre misses you.
The two-headed ogre hits you with a +0 giant spiked club!!
You are too injured to fight recklessly!
There are monsters nearby! 😮 HP[-25]
You take 25 damage, and now have 52/82 hp.
MASSIVE DAMAGE!! (PAUSE)
You mangle the two-headed ogre!! The wyvern misses you.
Unknown command.
You scratch the two-headed ogre but do no damage.
The wyvern misses you.
The two-headed ogre hits you with a +0 giant spiked club!
The two-headed ogre misses you. The wyvern closely misses you. 😮 HP[-7]
You take 7 damage, and now have 45/82 hp.
Unknown command.
You claw the two-headed ogre! The wyvern bites you!
* * * LOW HITPOINT WARNING * * *
😨 HP[-12]
You take 12 damage, and now have 33/82 hp.
Unknown command.
You barely miss the two-headed ogre. The two-headed ogre barely misses you.
The two-headed ogre hits you with a +0 giant spiked club!
* * * LOW HITPOINT WARNING * * *
The wyvern bites you!
* * * LOW HITPOINT WARNING * * *
😱 HP[-27]
You take 27 damage, and now have 6/82 hp.
MASSIVE DAMAGE!! (PAUSE)
You claw the two-headed ogre! The wyvern closely misses you.
Unknown command.
You scratch the two-headed ogre. The wyvern bites you!
You die...

Skill      XL: |  1  2  3  4  5  6  7  8  9 |
---------------+----------------------------+-----
Unarmed Combat | 4 5 6 7 8 10 11 | 11.3
Fighting       | 4 5 6 8 |  8.4
Dodging        | |  2.6
Stealth        | |  2.1

Action                     |  1- 3 |  4- 6 |  7- 9 || total
---------------------------+-------+-------+-------++-------
  Melee: Unarmed           |    79 |   163 |   335 ||   577
         Punch             |     2 |     3 |    13 ||    18
    Use: Scroll            |       |     9 |    10 ||    19
         Potion            |       |       |     1 ||     1
   Stab: Sleeping          |     2 |     2 |     2 ||     6
 Armour: Robe              |     5 |    18 |    38 ||    61
  Dodge: Dodged            |    34 |   105 |   270 ||   409

Levels and vault maps discovered:
D:1:      shiori_shiawase, layout_basic,
          shapermc_ecumenical_altar_mp_urbaneastern
D:2:      kennysheep_big_flooded_room, layout_rooms, basic_altar, uniq_natasha
D:3:      layout_rooms, pdpol_wu_jian_five_deadly_venoms,
          ebering_ghost_disaster_area, uniq_jessica
D:4:      layout_rooms, led_sif_pool, ebering_ghost_gozag, serial_glass,
          glass_columns_a, glass_columns_b
D:5:      lemuel_ice_spiral_2, layout_basic, mainiacjoe_overflow_brackets,
          amcnicky_altar_gilded, serial_shops, shop, uniq_duvessa
D:6:      layout_cave_pools, gup_ossuary_entry_pyramid, uniq_maggie
D:7:      layout_basic, trog_wizard, minmay_temple_entry_sparse_star,
          uniq_joseph
D:9:      layout_rooms, mainiacjoe_overflow_boulevard,
          nemelex_xobeh_ov_fountains_minmay, david_orc_4

Notes
Turn   | Place    | Note
-------+----------+-------------------------------------------
     0 | D:1      | kae the Ghoul Monk began the quest for the Orb.
     0 | D:1      | Reached XP level 1. HP: 19/19 MP: 0/0
     0 | D:1      | magus.rc [v1.11.3]
   146 | D:1      | Reached XP level 2. HP: 25/26 MP: 1/1
   193 | D:1      | Reached skill level 4 in Unarmed Combat
   495 | D:1      | Reached XP level 3. HP: 21/33 MP: 2/2
   602 | D:1      | Found a faded altar of an unknown god.
   861 | D:2      | Noticed Natasha
   869 | D:2      | Killed Natasha
   870 | D:2      | Reached skill level 4 in Fighting
   870 | D:2      | Reached XP level 4. HP: 29/40 MP: 3/3
   924 | D:2      | Noticed Natasha
   929 | D:2      | Killed Natasha
   930 | D:2      | Reached skill level 5 in Unarmed Combat
   934 | D:2      | Noticed Natasha
  1041 | D:2      | Killed Natasha
  1042 | D:2      | Reached XP level 5. HP: 24/47 MP: 4/4
  1421 | D:3      | Noticed Jessica
  1425 | D:3      | Killed Jessica
  1492 | D:3      | Found an ornate altar of the Wu Jian Council.
  1590 | D:3      | Reached skill level 6 in Unarmed Combat
  1607 | D:3      | HP: 10/47 [orc priest/+0 dagger (4)]
  1609 | D:3      | Reached XP level 6. HP: 11/55 MP: 5/5
  1614 | D:3      | HP: 9/55 [something (2)]
  1617 | D:3      | Reached skill level 5 in Fighting
  1919 | D:3      | Found a large runed translucent door.
  1920 | D:3      | Found a large runed translucent door.
  1924 | D:3      | Noticed derval's ghost (amateur BaSu)
  2242 | D:4      | Found a runed translucent gate.
  2242 | D:4      | Found a runed translucent gate.
  2242 | D:4      | Found a runed translucent gate.
  2242 | D:4      | Found an opulent altar of Gozag.
  2245 | D:4      | Noticed CaliBri's ghost (amateur MeFi)
  2320 | D:4      | Reached skill level 7 in Unarmed Combat
  2378 | D:4      | Reached XP level 7. HP: 60/61 MP: 6/6
  2474 | D:4      | You pick up a book of Dreams and begin reading...
  2474 | D:4      | You add the spells Ensorcelled Hibernation and Anguish to
                  | your library.
  2664 | D:4      | Found a shimmering blue altar of Sif Muna.
  2886 | D:4      | magus.rc [v1.11.3]
  2913 | D:5      | Entered Level 5 of the Dungeon
  3147 | D:5      | Reached skill level 6 in Fighting
  3292 | D:5      | Reached skill level 8 in Unarmed Combat
  3301 | D:5      | Found Seotits's General Store.
  3301 | D:5      | Noticed Duvessa
  3302 | D:5      | Noticed Dowan
  3314 | D:5      | Killed Duvessa
  3322 | D:5      | Killed Dowan
  3323 | D:5      | Reached XP level 8. HP: 38/71 MP: 7/7
  3330 | D:5      | You add the spells Gell's Gravitas, Teleport Other and
                  | Dispersal to your library.
  3348 | D:5      | Bought a potion of curing for 42 gold pieces
  3348 | D:5      | Bought a potion of heal wounds for 70 gold pieces
  3444 | D:5      | Found a hide-covered altar of Uskayaw.
  3457 | D:5      | You pick up a book of Spatial Translocations and begin
                  | reading...
  3457 | D:5      | You add the spells Blink, Momentum Strike and Lesser
                  | Beckoning to your library.
  3491 | D:5      | Found an ancient bone altar of Kikubaaqudgha.
  3558 | D:5      | Reached skill level 9 in Unarmed Combat
  3786 | D:5      | You pick up a book of the Senses and begin reading...
  3786 | D:5      | You add the spells Dazzling Flash, Agony and Silence to
                  | your library.
  3815 | D:6      | Reached skill level 7 in Fighting
  3856 | D:6      | Found a sand-covered staircase.
  3866 | Ossuary  | Entered an ossuary
  4367 | D:6      | Reached skill level 10 in Unarmed Combat
  4722 | D:6      | Noticed Maggie
  4736 | D:6      | Killed Maggie
  4737 | D:6      | Reached skill level 8 in Fighting
  4737 | D:6      | Reached XP level 9. HP: 45/81 MP: 8/8
  4993 | D:7      | Reached skill level 11 in Unarmed Combat
  5154 | D:7      | You fall into a shaft and drop 2 floors!
  5154 | D:9      | Found a sparkling altar of Nemelex Xobeh.
  5256 | D:9      | Noticed a two-headed ogre
  5268 | D:9      | HP: 6/82 [wyvern (15)]
  5270 | D:9      | Slain by a wyvern

Vanquished Creatures
  Maggie (D:6)
  A steam dragon (D:9)
  A water moccasin (D:7)
  Duvessa (D:5)
  A centaur (D:5)
  An elf zombie (Ossuary)
  2 phantoms
  A kobold brigand (D:6)
  A scorpion (D:6)
  Dowan (D:5)
  3 killer bees (D:7)
  2 howler monkeys
  A gnoll bouda (D:5)
  3 orc priests
  3 hounds
  2 jellies
  Jessica (D:3)
  5 iguanas
  6 orc wizards
  Natasha (thrice) (D:2)
  4 mummies
  5 gnolls
  8 adders
  A shadow imp (D:7)
  A white imp (D:6)
  2 ufetubi
  An adder zombie (Ossuary)
  5 worms
  3 dart slugs
  16 orcs
  4 ball pythons
  8 endoplasms
  5 giant cockroaches
  6 goblins
  7 hobgoblins
  3 jackals (D:2)
  11 kobolds
  2 quokkas
  4 bats
  7 frilled lizards
  3 goblin zombies (Ossuary)
  3 kobold zombies (Ossuary)
  8 quokka zombies (Ossuary)
  6 rats
  2 rat zombies (Ossuary)
165 creatures vanquished.

Vanquished Creatures (others)
  A fungus (D:1)
1 creature vanquished.

Grand Total: 166 creatures vanquished

Table legend:
 A = Non-vault XP
 B = Vault XP
 C = Vault XP percentage of total XP
 D = Non-vault monster count
 E = Vault monster count
 F = Vault count percentage of total count
                 A         B        C        D         E       F
            +---------+---------+-------+---------+---------+-------
      Total |    2360 |     838 |  26.2 |     136 |      29 |  17.6
            +---------+---------+-------+---------+---------+-------
        D:1 |      42 |       0 |   0.0 |      16 |       0 |   0.0
        D:2 |     129 |      36 |  21.8 |      25 |       3 |  10.7
        D:3 |     243 |      37 |  13.2 |      21 |       1 |   4.5
        D:4 |     312 |       0 |   0.0 |      25 |       0 |   0.0
        D:5 |     535 |     212 |  28.4 |      20 |       2 |   9.1
        D:6 |     493 |     374 |  43.1 |      20 |       2 |   9.1
        D:7 |     350 |       0 |   0.0 |       5 |       0 |   0.0
        D:9 |     256 |       0 |   0.0 |       4 |       0 |   0.0
    Ossuary |       0 |     179 | 100.0 |       0 |      21 | 100.0
            +---------+---------+-------+---------+---------+-------

Illustrated notes

Table legend:
 A = Kills in this place as a percentage of kills in entire the game.
 B = Kills by you in this place as a percentage of kills by you in the entire game.
 C = Kills by friends in this place as a percentage of kills by friends in the entire game.
 D = Other kills in this place as a percentage of other kills in the entire game.
 E = Experience gained in this place as a percentage of experience gained in the entire game.
 F = Experience gained in this place divided by the number of levels of this place that you have seen.
                   A       B       C       D       E      F
               +-------+-------+-------+-------+-------+----------------------
         Total | 100.0 | 100.0 |   N/A |   N/A | 100.0 | 355.3
       Dungeon |  87.3 |  87.3 |   N/A |   N/A |  94.4 | 377.4
       Ossuary |  12.7 |  12.7 |   N/A |   N/A |   5.6 | 179.0
               +-------+-------+-------+-------+-------+----------------------

Table legend: (Time is in decaauts)
 A = Elapsed time spent in this place.
 B = Non-inter-level travel time spent in this place.
 C = Inter-level travel time spent in this place.
 D = Time resting spent in this place.
 E = Time spent auto-exploring this place.
 F = Levels seen in this place.
 G = Mean time per level.
                   A        B        C        D        E       F      G
               +--------+--------+--------+--------+--------+-----+--------+
         Total |   5185 |   5046 |    139 |    506 |   3488 |   9 |  576.1 |
       Dungeon |   4789 |   4650 |    139 |    425 |   3266 |   8 |  598.6 |
       Ossuary |    396 |    396 |      0 |     81 |    222 |   1 |  396.0 |
               +--------+--------+--------+--------+--------+-----+--------+

Top non-repeatable levels by time:
     D:5: 869 daAuts
     D:3: 812 daAuts
     D:1: 772 daAuts
     D:6: 756 daAuts
     D:4: 658 daAuts
     D:2: 637 daAuts
 Ossuary: 396 daAuts
     D:7: 172 daAuts
     D:9: 109 daAuts
